 Dungeon Crawl Stone Soup version 0.28-a0-643-g84cb2ea78e (webtiles) character file.

Game seed: 7025433567473089028

116 Heedrag the Magician (level 4, -1/25 HPs)
             Began as a Deep Elf Fire Elementalist on Oct 10, 2021.
             Slain by Crazy Yiuf (3 damage)
             ... on level 2 of the Dungeon.
             The game lasted 00:02:19 (2599 turns).

Heedrag the Magician (Deep Elf Fire Elementalist)   Turns: 2599, Time: 00:02:20

Health: -1/25      AC:  2    Str:  5    XL:     4   Next: 69%
Magic:  2/11       EV: 13    Int: 21    God:
Gold:   144        SH:  0    Dex: 15    Spells: 3/10 levels left

rFire   . . .      SeeInvis .   (no weapon)
rCold   . . .      Faith    .   (no shield)
rNeg    . . .      Spirit   .   a - +0 robe
rPois   .          Reflect  .   (no helmet)
rElec   .          Harm     .   (no cloak)
rCorr   .          Rampage  .   (no gloves)
Will    .....                   (no boots)
Stlth   ++........              (no amulet)
HPRegen 0.08/turn               (no ring)
MPRegen 0.12/turn               (no ring)

@: no status effects
A: no striking features
a: no special abilities


You were on level 2 of the Dungeon.
You visited 1 branch of the dungeon, and saw 2 of its levels.

You collected 144 gold pieces.

Inventory:

Armour
 a - a +0 robe (worn)
 e - a +0 helmet
   (You found it on level 1 of the Dungeon)
Scrolls
 b - 5 scrolls of identify {unknown}
 c - a scroll of blinking {unknown}
 f - a scroll of holy word {unknown}
 g - a scroll of torment {unknown}
 h - a scroll of acquirement {unknown}
 k - a scroll of amnesia {unknown}
Potions
 d - 2 potions of might {unknown}
 i - a potion of attraction {unknown}
 j - a potion of heal wounds {unknown}


   Skills:
 + Level 1.1 Fighting
 + Level 3.2 Dodging
 + Level 3.2 Stealth
 + Level 3.8 Spellcasting
 * Level 2.8 Conjurations
 + Level 3.7 Fire Magic


You had 3 spell levels left.
You knew the following spells:

 Your Spells              Type           Power      Damage    Failure   Level
a - Foxfire               Conj/Fire      68%        2x1d7     3%          1
b - Scorch                Fire           38%        2d7       4%          2
c - Flame Wave            Conj/Fire      17%        3d5       30%         4

Your spell library contained the following spells:

 Spells                   Type           Power      Damage    Failure   Level
 Conjure Flame            Conj/Fire      17%        6-21      10%         3
 Inner Flame              Hex/Fire       11%        N/A       17%         3


Dungeon Overview and Level Annotations

Branches:
Dungeon (2/15)

Altars:
Uskayaw

Annotations:
D:2 Crazy Yiuf


Message History

A frilled lizard comes into view.
A frilled lizard is nearby!
A frilled lizard is nearby!
A frilled lizard is nearby!
You conjure some foxfire!
The foxfire hits the frilled lizard.
You kill the frilled lizard!
You conjure some foxfire!
Your magical contamination has completely faded away.
Things that are here:
a frilled lizard corpse; an adder corpse
There is an open door here.
Found a stone staircase leading up.
You open the door.
There is a stone staircase leading up here.
Key pressed, stopping explore.
Found a scroll labelled GANIWU GIGODOH.
b - 5 scrolls labelled GANIWU GIGODOH (gained 1) Key pressed, stopping explore.
Could not explore, unopened runed door.
Could not explore, unopened runed door.
Could not explore, unopened runed door.
Could not explore, unopened runed door.
You open the door.
You miscast Scorch.
You are very lightly contaminated with residual magic.
Nothing appears to happen.
Crazy Yiuf laughs, "Gum!
Lugonu pontify koolooloo."
Crazy Yiuf barely misses you.
Flames lash Crazy Yiuf.
Crazy Yiuf's fire resistance burns away.
Crazy Yiuf barely misses you.
Flames lash Crazy Yiuf.
Crazy Yiuf is burned terribly!
Crazy Yiuf yells, "Rot!
Peeping bush tea."
Crazy Yiuf misses you.
Flames lash Crazy Yiuf but do no damage.
Crazy Yiuf hits you with a +4 quarterstaff of chaos!
Crazy Yiuf draws strength from your wounds!
Flames lash Crazy Yiuf.
Crazy Yiuf is burned terribly!
Crazy Yiuf misses you.
You don't have enough magic to cast this spell.
Crazy Yiuf is no longer more vulnerable to fire.
Crazy Yiuf grits, "Goober!"
Your magical contamination has completely faded away.
You hit the fungus.
The fungus begins to die.
Crazy Yiuf closely misses you.
You hit the fungus.
Crazy Yiuf laughs, "Iron Orb Guardian canine!"
Crazy Yiuf hits you with a +4 quarterstaff of chaos!
Ouch! That really hurt!
* * * LOW HITPOINT WARNING * * *
Crazy Yiuf burns you.
You die...

.#.#####..### #..)# #..#.##..##
...#####..# #...# #..#.##..##
..........### ... #..........
.#######....# #'# #..........
+##### #..#.# ♣♣.♣ #..#.....##
.....# #..#.# ♣.♣♣ #..........
.....# #..#.# ♣♣.♣ #..#.....##
.....# #....# ♣g♣♣ #..#.......
.....###..### ♣♣@♣♣ #..........
.###......### ♣..P♣♣ #.........#
.# #........# ♣P...♣ #.........#
.# #.._...### #....# #..........
.###.....<######..#####.........#
<................................
..................##....#...#....
..#####....####...##.............
..# #...........##....#...###.#


You could see Crazy Yiuf.

Vanquished Creatures
  Jessica (D:2)
  A hound skeleton (D:2)
  4 adders (D:2)
  4 worms (D:2)
  A dart slug (D:2)
  3 orcs (D:2)
  3 ball pythons
  An endoplasm (D:2)
  3 goblins (D:1)
  4 hobgoblins
  3 frilled lizards (D:2)
  A kobold (D:2)
  2 rats (D:2)
31 creatures vanquished.

Vanquished Creatures (collateral kills)
  4 foxfires (D:2)
4 creatures vanquished.

Vanquished Creatures (others)
  197 foxfires
  7 fungi (D:2)
  5 toadstools (D:2)
209 creatures vanquished.

Grand Total: 244 creatures vanquished

Notes
Turn   | Place    | Note
-------+----------+-------------------------------------------
     0 | D:1      | Heedrag the Deep Elf Fire Elementalist began the quest for
                  | the Orb.
     0 | D:1      | Reached XP level 1. HP: 10/10 MP: 6/6
    41 | D:1      | Found a faded altar of an unknown god.
   663 | D:1      | Reached XP level 2. HP: 15/15 MP: 0/8
   741 | D:1      | Learned a level 2 spell: Scorch
   816 | D:2      | Found a hide-covered altar of Uskayaw.
   861 | D:2      | Reached XP level 3. HP: 20/20 MP: 0/9
  1001 | D:2      | Noticed Jessica
  1008 | D:2      | Killed Jessica
  1104 | D:2      | Reached XP level 4. HP: 24/24 MP: 0/11
  1184 | D:2      | Learned a level 4 spell: Flame Wave
  1543 | D:2      | Reached skill level 1 in Fighting
  1771 | D:2      | Found a runed translucent door.
  1772 | D:2      | Noticed Crazy Yiuf
  2599 | D:2      | Slain by Crazy Yiuf

Illustrated notes

Levels and vault maps discovered:
D:1:      psy_arrival_basics, layout_rooms, hellmonk_ecumenical_altar_run_dry
D:2:      layout_basic, basic_altar, minmay_gold_behind_fungi, uniq_jessica,
          uniq_crazy_yiuf_cottage

Skill      XL: |  1  2  3  4 |
---------------+-------------+-----
Conjurations   | 2 |  2.8
Stealth        | 3 |  3.2
Dodging        | 3 |  3.2
Fighting       | 1 |  1.1
Spellcasting   | |  3.8
Fire Magic     | |  3.7

Action                   |  1- 3 |  4- 6 || total
-------------------------+-------+-------++-------
Melee: Unarmed           |     1 |     2 ||     3
 Cast: Foxfire           |    56 |    67 ||   123
       Scorch            |     1 |     4 ||     5
Armor: Robe              |     1 |     1 ||     2
Dodge: Dodged            |     8 |     5 ||    13

Table legend: (Time is in decaauts)
 A = Elapsed time spent in this place.
 B = Non-inter-level travel time spent in this place.
 C = Inter-level travel time spent in this place.
 D = Time resting spent in this place.
 E = Time spent auto-exploring this place.
 F = Levels seen in this place.
 G = Mean time per level.
                   A        B        C        D        E       F      G
               +--------+--------+--------+--------+--------+-----+--------+
         Total |   2598 |   2580 |     18 |      0 |   2228 |   2 | 1299.0 |
       Dungeon |   2598 |   2580 |     18 |      0 |   2228 |   2 | 1299.0 |
               +--------+--------+--------+--------+--------+-----+--------+

Top non-repeatable levels by time:
     D:2: 1782 daAuts
     D:1: 816 daAuts
